 Dungeon Crawl Stone Soup version 0.20.2-3-g29329e0561 (webtiles) character file.

106 Alfie the Skirmisher (level 4, -10/40 HPs)
             Began as a Hill Orc Fighter on Sept 19, 2022.
             Killed from afar by Ijyb (16 damage)
             ... with a wand of lightning (?/15)
             ... on level 3 of the Dungeon.
             The game lasted 00:05:19 (1381 turns).

Alfie the Skirmisher (Hill Orc Fighter)             Turns: 1381, Time: 00:05:20

Health: -10/40     AC:  8    Str: 19    XL:     4   Next: 84%
Magic:  4/4        EV:  7    Int:  8    God:
Gold:   159        SH:  9    Dex: 10    Spells: 3/3 levels left

rFire    . . .     SeeInvis .   a - +0 rapier
rCold    . . .     Gourm    .   c - +0 shield
rNeg     . . .     Faith    .   b - +0 scale mail
rPois    .         Spirit   .   (no helmet)
rElec    .         Reflect  .   (no cloak)
rCorr    .         Harm     .   (no gloves)
MR       .....                  i - +0 pair of boots
Stlth    ..........             (no amulet)
Regen    0.2/turn               (no ring)
MPRegen  0.1/turn               (no ring)

@: no status effects
A: no striking features
a: no special abilities


You were on level 3 of the Dungeon.
You were not hungry.

You visited 1 branch of the dungeon, and saw 3 of its levels.

You collected 159 gold pieces.

Inventory:

Hand Weapons
 a - a +0 rapier (weapon)
Missiles
 n - 5 tomahawks (quivered)
Armour
 b - a +0 scale mail (worn)
 c - a +0 shield (worn)
 i - a +0 pair of boots (worn)
Jewellery
 q - an uncursed ring of flight {unknown}
Scrolls
 e - 3 scrolls of identify
 j - a scroll of enchant weapon {unknown}
 k - a scroll of enchant armour {unknown}
 m - a scroll of teleportation {unknown}
 o - 2 scrolls of remove curse {unknown}
Potions
 d - a potion of might
 h - a potion of berserk rage
 l - a potion of curing {unknown}
 p - a potion of lignification {unknown}
 s - a potion of flight {unknown}
Comestibles
 f - a bread ration
 g - 2 meat rations
 r - a royal jelly


   Skills:
 + Level 4.1 Fighting
 + Level 3.2 Short Blades
 + Level 0.3 Throwing
 + Level 4.1 Armour
 + Level 0.8 Dodging
 + Level 3.6 Shields


You had 3 spell levels left.
You didn't know any spells.

Dungeon Overview and Level Annotations

Branches:
Dungeon (3/15)

Altars:
Dithmenos
Kikubaaqudgha

Annotations:
D:3 Ijyb


Message History

Ijyb zaps a wand.
The bolt of lightning hits you!
* * * LOW HITPOINT WARNING * * *
You block the leopard gecko's attack.
You closely miss Ijyb.
Ijyb is moderately wounded.
The leopard gecko bites you but does no damage.
Ijyb barely misses you.
You completely miss Ijyb.
Ijyb is moderately wounded.
The leopard gecko bites you.
* * * LOW HITPOINT WARNING * * *
Ijyb completely misses you.
You closely miss Ijyb.
Ijyb is moderately wounded.
You block the leopard gecko's attack. Ijyb hits you but does no damage.
You block the leopard gecko's attack.
You hit Ijyb but do no damage.
Ijyb is moderately wounded.
Ijyb zaps a wand.
The bolt of lightning hits you!
You die...

.# #.....# ## #.....# #
#.....#
#.....###############
+...[.+..............
#..(..######.####...# #
#.....####.#.#..+...# #
#.......#.#.##...# #
#@#####.#.#..#...# #
...####glb#
#...#..#...# #
#.....o..# ##..#.##.).#
# #....$...+
#.........#
#........####...###.#.#
#........#......# #..[#
#........#.#.#..# #####
#......?.# #...†#
#........# ####.#


You could see Ijyb, an orc, a leopard gecko and a bat.

Vanquished Creatures
  4 adders
  3 worms
  2 dart slugs (D:2)
  An orc (D:3)
  3 ball pythons
  3 giant cockroaches
  4 goblins
  8 hobgoblins
  6 jackals
  3 quokkas
  6 bats
  3 frilled lizards
  5 kobolds
  4 rats
55 creatures vanquished.

Notes
Turn   | Place    | Note
-------+----------+-------------------------------------------
     0 | D:1      | Alfie the Hill Orc Fighter began the quest for the Orb.
     0 | D:1      | Reached XP level 1. HP: 19/19 MP: 1/1
   157 | D:1      | Reached XP level 2. HP: 22/27 MP: 2/2
   544 | D:2      | Found an ancient bone altar of Kikubaaqudgha.
   559 | D:2      | Reached XP level 3. HP: 30/33 MP: 3/3
   775 | D:2      | Reached XP level 4. HP: 39/40 MP: 4/4
   886 | D:2      | Found a shadowy altar of Dithmenos.
  1369 | D:3      | Noticed Ijyb
  1381 | D:3      | Killed from afar by Ijyb

Skill      XL: |  1  2  3  4 |
---------------+-------------+-----
Armour         | 4 |  4.1
Short Blades   | 3 |  3.2
Fighting       | 4 |  4.1
Throwing       | |  0.3
Dodging        | |  0.8
Shields        | |  3.6

Action                   |  1- 3 |  4- 6 || total
-------------------------+-------+-------++-------
Melee: Rapier            |    94 |   104 ||   198
Throw: Tomahawk          |     5 |       ||     5
  Use: Scroll            |     1 |       ||     1
  Eat: Bread ration      |       |     1 ||     1
Armor: Scale mail        |    36 |    58 ||    94
Dodge: Dodged            |    13 |    39 ||    52
Block: Shield            |    39 |    51 ||    90
